 Dungeon Crawl Stone Soup version 0.30-a0-939-gc8157cb160 (webtiles) character file.

Game seed: 12965259944022617335

7 ZappyNine the Firebug (level 2, 0/15 HPs)
             Began as a Tengu Fire Elementalist on Mar 25, 2023.
             Slain by an endoplasm (3 damage)
             ... on level 1 of the Dungeon.
             The game lasted 00:00:54 (347 turns).

ZappyNine the Firebug (Tengu Fire Elementalist)      Turns: 347, Time: 00:00:54

Health: 0/15       AC:  2    Str:  8    XL:     2   Next: 4%
Magic:  6/6        EV: 12    Int: 15    God:
Gold:   20         SH:  0    Dex: 14    Spells: 4/5 levels left

rFire   . . .      SeeInvis .    d - +0 dagger
rCold   . . .      Faith    .    (no shield)
rNeg    . . .      Spirit   .    a - +0 robe
rPois   .          Reflect  .    (helmet restricted)
rElec   .          Rampage  .    (no cloak)
rCorr   .                        (no gloves)
Will    .....                    (boots unavailable)
Stlth   ++                       (no amulet)
HPRegen 0.22/turn                (no ring)
MPRegen 0.10/turn                (no ring)

@: no status effects
A: beak, talons 3
a: no special abilities


You were on level 1 of the Dungeon.
You visited 1 branch of the dungeon, and saw 1 of its levels.

You collected 20 gold pieces.

Inventory:

Hand Weapons
 d - a +0 dagger (weapon)
Armour
 a - a +0 robe (worn)
Scrolls
 e - 2 scrolls of teleportation {unknown}
 f - a scroll of identify {unknown}
 g - a scroll of enchant weapon {unknown}
Potions
 b - a potion of magic
 c - a potion of degeneration {unknown}
 h - a potion of curing {unknown}


   Skills:
 - Level 2.1 Dodging
 - Level 2.0 Stealth
 + Level 2.2 Spellcasting
 + Level 1.9 Conjurations
 + Level 3.5 Fire Magic


You had 4 spell levels left.
You knew the following spells:

 Your Spells              Type           Power      Damage    Failure   Level
a - Foxfire               Conj/Fire      36%        2x1d5     7%          1

Your spell library contained the following spells:

 Spells                   Type           Power      Damage    Failure   Level
 Scorch                   Fire           24%        2d6       8%          2
 Inner Flame              Hex/Fire       6%         N/A       32%         3
 Kindle Blastsparks       Fire/Tloc/Air  10%        2d10      38%         3
 Flame Wave               Conj/Fire      9%         2d6       56%         4


Dungeon Overview and Level Annotations

Branches:
Dungeon (1/15)

Altars:


Innate Abilities, Weirdness & Mutations

You have a beak for a mouth.
You have claws for feet.


Message History

Unknown command.
Your foxfire dissipates!
Your foxfire dissipates! x2
You now have 20 gold pieces (gained 12).
Found a chain mail.
You start resting.
Magic restored.
g - a scroll labelled XEXOICVO MOANEQUH You see here a +0 scale mail.
h - a pink potion You see here a ball python corpse.
A quokka and an endoplasm come into view.
The endoplasm quivers.
There are monsters nearby!
The quokka misses you.
The endoplasm jiggles.
The endoplasm hits you.
You closely miss the quokka. The quokka bites you. The endoplasm freezes you.
You are frozen.
The quokka bites you.
* * * LOW HITPOINT WARNING * * *
You are too injured to fight recklessly!
You are too injured to fight recklessly!
You are too injured to fight recklessly!
You are too injured to fight recklessly!
You are too injured to fight recklessly!
You are too injured to fight recklessly!
You are too injured to fight recklessly!
You are too injured to fight recklessly!
You are too injured to fight recklessly!
You are too injured to fight recklessly!
You are too injured to fight recklessly!
You are too injured to fight recklessly!
You are too injured to fight recklessly!
You are too injured to fight recklessly!
You are too injured to fight recklessly!
Unknown command.
The endoplasm attacks as you move away! The endoplasm misses you.
The endoplasm attacks as you move away! The endoplasm hits you.
You die...

.# ######### ### ##.
#.....[.# ..# . #..
#.......# #.#####.. #.#
#.[...†.# #........ #.#
#.......###.#....#.
###.####.......#..........
#..............@J#....####
##....####..####..#...##
...#### #.#####....#.#
..## ##........###..# ###
#..######.. ..# # ###..#
#### .. ##[...# .##
#..#### # #..#


You could see an endoplasm.

Vanquished Creatures
  A dart slug (D:1)
  An endoplasm (D:1)
  A kobold (D:1)
  A quokka (D:1)
  A ball python (D:1)
5 creatures vanquished.

Vanquished Creatures (others)
  13 foxfires (D:1)
13 creatures vanquished.

Grand Total: 18 creatures vanquished

Notes
Turn   | Place    | Note
-------+----------+-------------------------------------------
     0 | D:1      | ZappyNine the Tengu Fire Elementalist began the quest for
                  | the Orb.
     0 | D:1      | Reached XP level 1. HP: 10/10 MP: 4/4
   181 | D:1      | Reached XP level 2. HP: 15/15 MP: 0/6
   347 | D:1      | Slain by an endoplasm

Illustrated notes

Levels and vault maps discovered:
D:1:      saegor_arrival_simple_b, layout_rooms, basic_ecumenical_altar

Action                     || total
---------------------------++-------
  Melee: Dagger            ||     1
   Cast: Foxfire           ||    10
  Dodge: Dodged            ||     2

Table legend: (Time is in decaauts)
 A = Elapsed time spent in this place.
 B = Non-inter-level travel time spent in this place.
 C = Inter-level travel time spent in this place.
 D = Time resting spent in this place.
 E = Time spent auto-exploring this place.
 F = Levels seen in this place.
 G = Mean time per level.
                   A        B        C        D        E       F      G
               +--------+--------+--------+--------+--------+-----+--------+
         Total |    346 |    346 |      0 |    196 |     70 |   1 |  346.0 |
       Dungeon |    346 |    346 |      0 |    196 |     70 |   1 |  346.0 |
               +--------+--------+--------+--------+--------+-----+--------+

Top non-repeatable levels by time:
     D:1: 346 daAuts
